AoeStats
← Hecan

Arabia

509746946Analyzed
1v1 RM · 4d ago on Sep 27, 2026· 29m 29s· 2 players
Game mode
Random Map
Map size
Tiny (2 player)
Population
200
Speed
Normal
Resources
Standard
Victory
Conquest
Starting age
Dark Age
Ending age
Imperial Age
RankedLock teamsTeams togetherTeam positionsShared explorationLock speedFull tech treeHidden civsTurbo modeCheats
Victory
Defeat
🇺🇸 Danes · United States
1115
+18
🇨🇦 Maya · Canada
1158
-18
TheQuietRebel
6:47 Loom
9:25 Feudal Age
9:25 Man-at-Arms
11:23 Double-Bit Axe
13:51 Fletching
15:13 Horse Collar
17:49 Padded Archer Armor
20:25 Castle Age
18:43 Arson
20:17 Scale Mail Armor
20:58 Forging
22:13 Bow Saw
22:40 Squires
22:32 Gambesons
24:41 Chain Mail Armor
Hecan
0:31 Loom
9:21 Feudal Age
10:37 Double-Bit Axe
14:31 Wheelbarrow
18:01 Fletching
22:03 Castle Age
20:54 Gold Mining
21:34 Scale Mail Armor
22:23 Forging
22:05 Eagle Warrior
22:24 Crossbowman
25:32 Chain Mail Armor
27:24 Bodkin Arrow
Connection lost

Rejoining the realm…

Still unreachable

The connection could not be restored.

Session expired

The server has moved on; the page needs a fresh start.